 Dungeon Crawl Stone Soup version 0.29-a0-284-gf9362112df (webtiles) character file.

Game seed: 11905434732127981618

73 gzilladon the Skirmisher (level 4, -4/49 HPs)
             Began as an Ogre Berserker on Mar 25, 2022.
             Was a Believer of Trog.
             Slain by Pikel
             ... wielding a +0 whip of electrocution
              (9 damage)
             ... on level 4 of the Dungeon.
             The game lasted 00:07:07 (1487 turns).

gzilladon the Skirmisher (Ogre Berserker)           Turns: 1487, Time: 00:07:08

Health: -4/49      AC:  3    Str: 23    XL:     4   Next: 27%
Magic:  4/4        EV: 10    Int: 14    God:    Trog [**....]
Gold:   31         SH:  5    Dex:  8    Spells: 3/3 levels left

rFire   . . .      SeeInvis .   a - +0 hand axe
rCold   . . .      Faith    .   (no shield)
rNeg    . . .      Spirit   .   b - +0 animal skin
rPois   .          Reflect  +   (helmet restricted)
rElec   .          Harm     .   (no cloak)
rCorr   .          Rampage  .   (gloves unavailable)
Will    .....                   (boots unavailable)
Stlth   +.........              c - amulet of reflection
HPRegen 0.16/turn               i - +6 ring of intelligence
MPRegen 0.09/turn               (no ring)

@: no status effects
A: large, unfitting armour, tough skin 1
a: Renounce Religion, Berserk, Trog's Hand


You were on level 4 of the Dungeon.
You worshipped Trog.
Trog was pleased with you.
You visited 1 branch of the dungeon, and saw 4 of its levels.

You collected 31 gold pieces.

Inventory:

Hand Weapons
 a - a +0 hand axe (weapon)
 f - a +0 hunting sling
Missiles
 k - 18 stones (quivered)
Armour
 b - a +0 animal skin (worn)
 e - a +0 leather armour
 h - a +0 chain mail
Jewellery
 c - an amulet of reflection (around neck)
 i - a +6 ring of intelligence (left hand)
 n - an amulet of the acrobat
Scrolls
 d - 2 scrolls of identify {unknown}
 g - a scroll of magic mapping {unknown}
 m - a scroll of amnesia {unknown}
 o - a scroll of blinking {unknown}
 q - a scroll of fog {unknown}
 r - a scroll of vulnerability {unknown}
Potions
 j - a potion of lignification {unknown}
 l - a potion of heal wounds {unknown}
 p - a potion of flight {unknown}


   Skills:
 + Level 4.9 Fighting
 + Level 3.8 Axes
 + Level 3.1 Dodging
 + Level 1.0 Shields


You had 3 spell levels left.
You didn't know any spells.
Your spell library contained the following spells:

 Spells                   Type           Power      Damage    Failure   Level
 Confusing Touch          Hex            0%         N/A       65%         3
 Dazzling Flash           Conj/Hex       0%         N/A       65%         3
 Portal Projectile        Hex/Tloc       0%         N/A       65%         3
 Agony                    Necr           0%         N/A       100%        5
 Blade Hands              Tmut           0%         N/A       100%        5
 Excruciating Wounds      Necr           0%         N/A       100%        5
 Silence                  Hex/Air        0%         N/A       100%        5
 Yara's Violent Unravell  Hex/Tmut       0%         3d3       100%        5
 Enfeeble                 Hex            0%         N/A       100%        7


Dungeon Overview and Level Annotations

Branches:
Dungeon (4/15)
 Temple: D:4-7

Altars:

Annotations:
D:4 2 runed translucent doors, Pikel


Innate Abilities, Weirdness & Mutations

You are too large for most types of armour.
You have tough skin. (AC +1)


Message History

Trog accepts your kill.
You closely miss the hobgoblin. You barely miss the orc.
The hobgoblin hits you. The orc hits you with a +0 short sword.
The hobgoblin hits you. The orc hits you with a +0 short sword.
You closely miss the orc. You slash the hobgoblin!
You kill the hobgoblin!
Trog accepts your kill. You block the orc's attack.
You slash the orc!
You kill the orc!
Trog accepts your kill.
You see here a +0 short sword.
You now have 31 gold pieces (gained 10).
You open the large door. 2 lemures come into view.
The lemure shouts!
You hear a shout! x2
A lemure comes into view.
Pikel, Merchant of Souls comes into view.
He is wielding a +0 whip of electrocution and wearing a +2 robe of willpower.
Pikel shouts!
The lemure shouts!
A lemure comes into view.
There is a large open door here.
Found a scroll labelled QOQIGA CE VEYPS.
There is a large open door here.
There is a large open door here.
The lemure attacks as you move away! The lemure hits you!
Pikel waves his whip at you. The lemure attacks as you move away!
The lemure closely misses you.
You closely miss the lemure. The lemure hits you. The lemure barely misses you.
You barely miss the lemure. You closely miss the lemure. The lemure hits you.
* * * LOW HITPOINT WARNING * * *
The lemure hits you but does no damage.
You barely miss the lemure. You barely miss Pikel. The lemure hits you!
* * * LOW HITPOINT WARNING * * *
A lemure breaks down the door.
You hit Pikel.
Pikel is lightly wounded.
You barely miss the lemure. You hit the lemure but do no damage.
Pikel hits you with a +0 whip of electrocution!
You die...

#. .# .#. ..⌠...#
#####...#.#######
##...##.##.##.....
#..............###
#@5.........).....
+.'K5..........?..##
###5..............#
#5..............#
#...............#
##...........<.....
#......#####....###
#......# #....#
#......# #....#


You could see Pikel and 4 lemures.

Vanquished Creatures
  3 adders
  A worm (D:2)
  3 orcs
  2 bats (D:1)
  2 endoplasms
  A giant cockroach (D:3)
  7 goblins
  6 hobgoblins
  3 jackals (D:1)
  4 ball pythons
  2 frilled lizards (D:2)
  2 rats
36 creatures vanquished.

Notes
Turn   | Place    | Note
-------+----------+-------------------------------------------
     0 | D:1      | gzilladon the Ogre Berserker began the quest for the Orb.
     0 | D:1      | Reached XP level 1. HP: 24/24 MP: 1/1
   141 | D:1      | Reached XP level 2. HP: 31/33 MP: 2/2
   359 | D:2      | Found a faded altar of an unknown god.
   779 | D:2      | Reached XP level 3. HP: 37/40 MP: 3/3
   967 | D:2      | Reached ** piety under Trog
  1274 | D:4      | Reached XP level 4. HP: 12/49 MP: 4/4
  1319 | D:4      | Found a large runed translucent door.
  1319 | D:4      | Found a large runed translucent door.
  1324 | D:4      | Noticed an ice beast
  1326 | D:4      | Noticed a sky beast
  1337 | D:4      | Reached skill level 1 in Shields
  1469 | D:4      | Noticed a lemure
  1469 | D:4      | Noticed a lemure
  1469 | D:4      | Noticed a lemure
  1470 | D:4      | Noticed Pikel
  1470 | D:4      | Noticed a lemure
  1487 | D:4      | Slain by Pikel

Illustrated notes

Levels and vault maps discovered:
D:1:      amcnicky_arrival_single_pillar, layout_loops_cross,
          minmay_misc_feat_five
D:2:      layout_rooms, serial_co_window_serial, co_window_corner_a,
          co_window_cross_1, co_window_of_opportunity_a,
          co_window_of_opportunity_a, co_window_paths_b,
          co_window_of_opportunity_b, co_window_broadway_b,
          co_window_of_opportunity_c, co_window_2corner, co_window_broadway_a,
          co_window_broadway_a, co_window_corner_cb, glass_columns_a,
          glass_columns_a, dreamdust_ecumenical_altar_statues
D:3:      layout_loops_cross, kennysheep_vampire_church, uniq_robin
D:4:      layout_basic, jmf_multi_god_temple2, serial_shops, kennysheep_mini,
          st_stairs_10, minmay_misc_feat_tower, minmay_hollow_rounded_squares,
          uniq_pikel

Skill      XL: |  1  2  3  4 |
---------------+-------------+-----
Dodging        | 3 |  3.1
Shields        | 1 |  1.0
Fighting       | |  4.9
Axes           | |  3.8

Action                   |  1- 3 |  4- 6 || total
-------------------------+-------+-------++-------
Melee: Hand axe          |    82 |    14 ||    96
       Punch             |     2 |       ||     2
Armor: Animal skin       |    32 |     4 ||    36
Dodge: Dodged            |    49 |     5 ||    54
Block: Other             |    36 |     5 ||    41

Table legend: (Time is in decaauts)
 A = Elapsed time spent in this place.
 B = Non-inter-level travel time spent in this place.
 C = Inter-level travel time spent in this place.
 D = Time resting spent in this place.
 E = Time spent auto-exploring this place.
 F = Levels seen in this place.
 G = Mean time per level.
                   A        B        C        D        E       F      G
               +--------+--------+--------+--------+--------+-----+--------+
         Total |   1498 |   1498 |      0 |    364 |      0 |   4 |  374.5 |
       Dungeon |   1498 |   1498 |      0 |    364 |      0 |   4 |  374.5 |
               +--------+--------+--------+--------+--------+-----+--------+

Top non-repeatable levels by time:
     D:2: 864 daAuts
     D:1: 364 daAuts
     D:4: 229 daAuts
     D:3: 40 daAuts
